 Dungeon Crawl Stone Soup version 0.20.1-1-g8b1a95d (webtiles) character file.

260 jmlagarto the Ruffian (level 5, 0/54 HPs)
             Began as a Troll Monk on Aug 18, 2017.
             Slain by a centaur (9 damage)
             ... on level 4 of the Dungeon.
             The game lasted 00:08:51 (2029 turns).

jmlagarto the Ruffian (Troll Monk)                  Turns: 2029, Time: 00:08:52

Health: 0/54       AC:  7    Str: 20    XL:     5   Next: 95%
Magic:  4/4        EV: 11    Int:  6    God:
Gold:   160        SH:  0    Dex: 12    Spells: 4/4 levels left

rFire    . . .     SeeInvis .     - Unarmed
rCold    . . .     Gourm    +   (no shield)
rNeg     . . .     Faith    .   a - +2 robe
rPois    .         Spirit   .   (helmet restricted)
rElec    .         Reflect  .   (no cloak)
rCorr    .         Harm     .   (gloves unavailable)
MR       .....                  (boots unavailable)
Stlth    ++........             (no amulet)
Regen    0.6/turn               (no ring)
MPRegen  0.1/turn               (no ring)

@: no status effects
A: unfitting armour, claws 3, fast metabolism 3, gourmand, regeneration 1,
shaggy fur 1, tough skin 2
a: no special abilities


You were on level 4 of the Dungeon.
You were full.

You visited 1 branch of the dungeon, and saw 4 of its levels.

You collected 160 gold pieces.

Inventory:

Armour
 a - a +2 robe (worn)
 r - a +0 pair of boots
Scrolls
 c - a scroll of teleportation {unknown}
 d - 2 scrolls of fear {unknown}
 e - a scroll of blinking {unknown}
 f - a scroll of fog {unknown}
 g - a scroll of amnesia
 h - 2 scrolls of identify {unknown}
 j - a scroll of enchant armour
 k - a scroll of enchant weapon {unknown}
 n - 2 scrolls of magic mapping {unknown}
 o - a scroll of noise {unknown}
 q - a scroll of recharging {unknown}
Potions
 i - a potion of cancellation {unknown}
 l - a potion of resistance {unknown}
 p - a potion of heal wounds
 s - a potion of might {unknown}
 t - a potion of agility {unknown}
Comestibles
 b - 5 bread rations
 m - a royal jelly


   Skills:
 + Level 3.6 Fighting
 + Level 3.8 Dodging
 - Level 1.0 Stealth
 + Level 4.5 Unarmed Combat


You had 4 spell levels left.
You didn't know any spells.

Dungeon Overview and Level Annotations

Branches:
Dungeon (4/15)
 Temple: D:4-7

Altars:
Sif Muna
Xom
Yredelemnul


Innate Abilities, Weirdness & Mutations

You are too large for most types of armour.
You have claws for hands.
Your metabolism is lightning-fast.
You like to eat raw meat.
Your natural rate of healing is unusually fast.
You are covered in fur. (AC +1)
You have very tough skin. (AC +2)


Message History

The hound is severely wounded.
The hound closely misses you.
You claw the hound!
You kill the hound!
You hear the slow hiss of a distant avalanche of sand.
You hear the slow rusting of a very distant drain.
The centaur shoots an arrow.
The arrow hits you!
* * * LOW HITPOINT WARNING * * *
The centaur shoots an arrow.
The arrow closely misses you.
You see here an arrow.
You scratch the centaur but do no damage.
The centaur unwields an uncursed shortbow.
The centaur barely misses you.
You scratch the centaur.
The centaur is moderately wounded.
The centaur hits you but does no damage. x2
You claw the centaur!
The centaur is almost dead.
The centaur hits you!
You die...

##### .# ...######## .###
# #.#......# ....# #.
#[...@...###### ....#
#.###<#.##c.............#
#.....#.###.#######.....#
###.###.###(##.(........#
#.# #.....(†.(((.!...#
#.# #####.##.........#
#.# #.##.........#
#.#######.#..........<#
#.....†...#...........#


You could see a centaur.

Vanquished Creatures
  The ghost of manon the Conjurer, an amateur GrWz (D:3)
  A hound (D:4)
  A hound skeleton (D:4)
  4 adders
  2 worms (D:2)
  3 dart slugs
  A leopard gecko (D:2)
  3 orcs (D:3)
  2 ball pythons
  4 giant cockroaches
  5 goblins
  4 hobgoblins
  4 jackals (D:1)
  A quokka (D:2)
  10 bats
  6 frilled lizards
  7 kobolds
  5 rats
  A spectral orc (D:2)
65 creatures vanquished.

Notes
Turn   | Place    | Note
-------+----------+-------------------------------------------
     0 | D:1      | jmlagarto the Troll Monk began the quest for the Orb.
     0 | D:1      | Reached XP level 1. HP: 22/22 MP: 0/0
   244 | D:1      | Reached XP level 2. HP: 21/29 MP: 1/1
   702 | D:2      | Reached XP level 3. HP: 28/36 MP: 2/2
   942 | D:2      | Found a basalt altar of Yredelemnul.
  1066 | D:2      | Reached XP level 4. HP: 44/44 MP: 3/3
  1068 | D:2      | Found a shimmering altar of Xom.
  1583 | D:3      | Found a deep blue altar of Sif Muna.
  1585 | D:3      | Noticed manon's ghost (amateur GrWz)
  1611 | D:3      | Killed manon's ghost
  1611 | D:3      | Reached skill level 4 in Unarmed Combat
  1611 | D:3      | Reached XP level 5. HP: 35/53 MP: 4/4
  1998 | D:4      | Noticed a centaur
  2029 | D:4      | Slain by a centaur

Skill      XL: |  1  2  3  4 |
---------------+-------------+-----
Dodging        | 3 |  3.8
Fighting       | 3 |  3.6
Unarmed Combat | 4 |  4.5
Stealth        | |  1.0

Action                   |  1- 3 |  4- 6 || total
-------------------------+-------+-------++-------
Melee: Unarmed           |   105 |    82 ||   187
       Punch             |       |     2 ||     2
  Use: Scroll            |       |     3 ||     3
       Potion            |       |     1 ||     1
 Stab: Sleeping          |     2 |       ||     2
  Eat: Chunk             |    12 |     8 ||    20
Armor: Robe              |    65 |    40 ||   105
Dodge: Dodged            |    65 |    59 ||   124
